Unix NetHack Version 5.0.0-0 post-release - last build May  4 2026 22:22:43 (774f63e81ad911689b3a0859ea89b322d5daca8d,branch:main).

Game began 2026-05-06 02:27:25, ended 2026-05-06 18:27:36.

IanCurtis, chaotic male elven Wizard

                        --                         -------
               |        .|                         |.<...|
               |........^.                     ####..[....
               |       .                          #|.....|
                      .                            ----.--
                   ###
                   ##
                  # '
                  ##@

IanCurtis the Thaumaturge  St:9 Dx:11 Co:10 In:18 Wi:12 Ch:17  Chaotic
Dlvl:9  $:188 HP:0(42) Pw:43(56) AC:8  Xp:6 T:2121  Burdened

Latest messages:
 The housecat bites the sewer rat.
 The sewer rat is killed!
 The housecat misses the sewer rat.
 In what direction? h
 The spell misses the sewer rat.
 The sewer rat bites!
 The sewer rat bites!
 The housecat bites the sewer rat.
 The sewer rat is killed!
 Your housecat eats a sewer rat corpse.
 The sewer rat bites!
 You miss the sewer rat.
 The sewer rat bites!
 You miss the sewer rat.
 The sewer rat bites!
 The housecat misses the sewer rat.
 You kill the sewer rat!
 There is a broken door here.
 You see here a wererat corpse.
 You swap places with your housecat.
 You stop.  Your housecat is in the way!
 You swap places with your housecat.
 You hear a slow drip.
 You swap places with your housecat.
 You fall down the stairs.
 You see here a splint mail.
 A board beneath the gold golem squeaks a G sharp loudly.
 A board beneath the fox squeaks a G sharp loudly.
 The housecat misses it.
 The horse kicks!
 The horse bites!
 The housecat misses the horse.
 The horse kicks!
 The horse bites!
 The horse kicks!
 The horse bites!
 What do you want to zap? [ctyzD or ?*] ?
 In what direction? .
 You materialize in a different location!
 You hear some noises in the distance.
 You stop searching.
 The fox misses!
 In what direction? k
 The spell hits the fox!
 You kill the fox!
 You stop searching.
 The gold golem hits!
 The gold golem hits again!
 You die...
 Do you want your possessions identified? [ynq] (y) q

Inventory:
 Coins    ('$')
  $ - 188 gold pieces
 Weapons  (')')
  a - a blessed +3 quarterstaff (weapon in hands)
 Armor    ('[')
  q - an uncursed +0 orcish helm (being worn)
  b - an uncursed +0 cloak of magic resistance (being worn)
 Comestibles  ('%')
  v - an uncursed lembas wafer
  w - an uncursed tripe ration
 Scrolls  ('?')
  G - an uncursed scroll of blank paper
  E - an uncursed scroll of confuse monster
  o - an uncursed scroll of destroy armor
  s - an uncursed scroll of earth
  j - a blessed scroll of enchant weapon
  r - a cursed scroll of enchant weapon
  u - an uncursed scroll of food detection
  i - 2 uncursed scrolls of identify
  F - a cursed scroll of scare monster
 Spellbooks  ('+')
  C - an uncursed spellbook of detect treasure
  k - a blessed spellbook of force bolt
  x - an uncursed spellbook of magic missile
  l - an uncursed spellbook of wizard lock
 Potions  ('!')
  I - a blessed potion of healing
  H - an uncursed potion of healing
  h - an uncursed potion of oil
  g - an uncursed potion of restore ability
  J - an uncursed potion of see invisible
  f - an uncursed potion of water
 Rings    ('=')
  d - an uncursed ring of fire resistance
  e - an uncursed ring of see invisible
 Wands    ('/')
  y - a wand of cancellation (0:6)
  z - a wand of nothing (0:12)
  D - a wand of speed monster (0:5)
  t - a wand of teleportation (0:7)
  c - a wand of teleportation (0:6)
 Tools    ('(')
  n - an uncursed tooled horn
  m - a magic marker (0:20)
 Gems/Stones  ('*')
  B - an uncursed flint stone
  A - an uncursed luckstone

IanCurtis the Wizard's attributes:

Background:
 You were a Thaumaturge, a level 6 male elven Wizard.
 You were chaotic, on a mission for Anhur
 who was opposed by Ptah (lawful) and Thoth (neutral).
 You were right-handed.
 You were in the Dungeons of Doom, on level 9.
 You entered the dungeon 2121 turns ago.
 You had 339 experience points, 301 more were needed to attain level 7.

Basics:
 You had 0 out of 42 hit points.
 You had 43 out of 56 energy points (spell power).
 Your armor class was 8.
 Your wallet contained 188 zorkmids.
 Autopickup was off.

Final Characteristics:
 Your strength was 9 (limit:18).
 Your dexterity was 11 (limit:18).
 Your constitution was 10 (limit:16).
 Your intelligence was 18 (limit:20).
 Your wisdom was 12 (limit:20).
 Your charisma was 17 (limit:18).

Final Status:
 You weren't hungry.
 You were burdened; movement was slightly slowed.
 You were wielding a quarterstaff.
 You had basic skill with quarterstaff.

Final Attributes:
 You were piously aligned.
 You were magic-protected.
 You were sleep resistant.
 You were telepathic.
 You had infravision.
 You were warded.
 You were lucky.
 You had extra luck.
 Bad luck did not time out for you.
 Good luck did not time out for you.
 You are dead.

Miscellaneous:
 You didn't encounter any bones levels.
 Total elapsed playing time was 18 minutes and 13 seconds.

Major events:
 Turn
    1: IanCurtis the chaotic male elven Wizard entered the dungeon
  650: attained the rank of Conjurer (level 3)
 1366: entered the Gnomish Mines
 2062: attained the rank of Thaumaturge (level 6)
 2121: killed by a gold golem

Spells:
 Name                 Level Category     Fail Retention
 force bolt             1   attack         0%   81%-90%
 wizard lock            2   matter        47%  76%-100%
 magic missile          2   attack         0%  91%-100%
 detect treasure        4   divination   100%  76%-100%

Skills:
 Fighting Skills
   bare handed combat [Unskilled]
   riding             [Unskilled]
 Weapon Skills
   dagger             [Unskilled]
   knife              [Unskilled]
   axe                [Unskilled]
   short sword        [Unskilled]
   club               [Unskilled]
   mace               [Unskilled]
   quarterstaff       [Basic]
   polearms           [Unskilled]
   spear              [Unskilled]
   trident            [Unskilled]
   sling              [Unskilled]
   dart               [Unskilled]
   shuriken           [Unskilled]
 Spellcasting Skills
   attack spells      [Basic]
   healing spells     [Unskilled]
   divination spells  [Unskilled]
   enchantment spells [Basic]
   clerical spells    [Unskilled]
   escape spells      [Unskilled]
   matter spells      [Unskilled]

Voluntary challenges:
 Character rerolling was not enabled.
 You never genocided any monsters.
 You never polymorphed an object.
 You used no wishes.
Achievements:
 You attained the rank of Conjurer.
 You entered the Gnomish Mines.
 You attained the rank of Thaumaturge.

 The Dungeons of Doom: levels 1 to 9
    Level 1:
       A fountain.
    Level 2:
       Some fountains.
    Level 3:
       An altar to Anhur, a fountain, a grave.
       Stairs down to The Gnomish Mines.
    Level 4:
       A sink, a grave.
    Level 5:
       A sink.
    Level 6:
       A fountain.
    Level 7:
    Level 8:
       A fountain, a sink.
    Level 9: <- You were here.
       Final resting place for
          you, killed by a gold golem.
 The Gnomish Mines:
    Level 4:


Vanquished creatures:
  a large mimic
  4 small mimics
  a leprechaun
  a gray ooze
  a floating eye
  a rabid rat
  a centipede
  a wererat
 an acid blob
  a giant rat
  3 gnomes
  a gecko
  4 jackals
  3 foxes
  2 kobolds
  2 goblins
  4 sewer rats
  3 grid bugs
  3 lichens
  a kobold zombie
  a newt
40 creatures vanquished.

No species were genocided or became extinct.

Game over:
                       ----------
                      /          \
                     /    REST    \
                    /      IN      \
                   /     PEACE      \
                  /                  \
                  |    IanCurtis     |
                  |      188 Au      |
                  | killed by a gold |
                  |      golem       |
                  |                  |
                  |                  |
                  |       2026       |
                 *|     *  *  *      | *
        _________)/\\_//(\/(/\)/\//\/|_)_______

Goodbye IanCurtis the Wizard...

You died in The Dungeons of Doom on dungeon level 9 with 1938 points,
and 188 pieces of gold, after 2121 moves.
You were level 6 with a maximum of 42 hit points when you died.

